 Dungeon Crawl Stone Soup version 0.21.1-1-g345015f (webtiles) character file.

2369 vatarom the Vexing (level 9, -3/68 HPs)
             Began as a Gnoll Arcane Marksman on Apr 5, 2018.
             Was a Believer of Dithmenos.
             Killed themself with a badly aimed iceblast (6 damage)
             ... on level 7 of the Dungeon.
             The game lasted 00:16:36 (6354 turns).

vatarom the Vexing (Gnoll Arcane Marksman)          Turns: 6354, Time: 00:16:36

Health: -3/68      AC: 10    Str: 14 (15) XL:     9   Next: 44%
Magic:  25/25      EV: 13    Int: 19 (20) God:    Dithmenos [**....]
Gold:   373        SH:  0    Dex:  9 (17) Spells: 3/18 levels left

rFire    . . .     SeeInvis .   h - +0 scythe
rCold    + . .     Gourm    .   (shield currently unavailable)
rNeg     . . .     Faith    .   r - +2 ring mail {rC+}
rPois    .         Spirit   .   q - +0 helmet
rElec    .         Reflect  .   m - +0 cloak
rCorr    .         Harm     .   (no gloves)
MR       +....                  (no boots)
Stlth    ++........             (no amulet)
HPRegen  0.21/turn              g - ring of protection from magic
MPRegen  0.19/turn              p - ring of magical power

@: brilliant, lethally poisoned (-3 -> -17), wreathed by umbra
A: distributed training, fangs 1, strong nose
a: Shadow Step, Renounce Religion


You were on level 7 of the Dungeon.
You worshipped Dithmenos.
Dithmenos was pleased with you.
You were not hungry.

You visited 2 branches of the dungeon, and saw 8 of its levels.

You collected 373 gold pieces.

Inventory:

Hand Weapons
 a - a +1 hand crossbow
 h - a +0 scythe (weapon)
Missiles
 d - 39 bolts
 z - 14 javelins (quivered)
 E - a throwing net
 F - 2 tomahawks
Armour
 e - a +0 robe
 m - a +0 cloak (worn)
 q - a +0 helmet (worn)
 r - a +2 ring mail of cold resistance (worn)
Jewellery
 g - a ring of protection from magic (left hand)
 j - an uncursed ring of ice
 p - a ring of magical power (right hand)
 s - an uncursed ring of resist corrosion
Wands
 u - a wand of iceblast (17)
 x - a wand of paralysis (15)
Scrolls
 k - a scroll of noise {unknown}
 l - 2 scrolls of teleportation
 n - a scroll of random uselessness
 t - a scroll of immolation {unknown}
 v - a scroll of identify
 w - 2 scrolls of fear {unknown}
 y - a scroll of blinking {unknown}
 B - 3 scrolls of enchant armour {unknown}
 C - a scroll of amnesia {unknown}
 D - a scroll of remove curse {unknown}
 G - a scroll of magic mapping {unknown}
Books
 c - a book of Debilitation

   Spells                             Type                      Level
   a - Corona                         Hexes                        1
   b - Slow                           Hexes                        2
   c - Inner Flame                    Hexes/Fire                   3
   d - Portal Projectile              Hexes/Translocation          3
   e - Cause Fear                     Hexes                        4
   f - Leda's Liquefaction            Hexes/Earth                  4
 o - a book of Minor Magic

   Spells                             Type                      Level
   a - Magic Dart                     Conjuration                  1
   b - Blink                          Translocation                2
   c - Call Imp                       Summoning                    2
   d - Slow                           Hexes                        2
   e - Conjure Flame                  Conjuration/Fire             3
   f - Mephitic Cloud                 Conjuration/Poison/Air       3
 A - the Guide on the Destructive Oath
   (You found it on level 6 of the Dungeon)

   Spells                             Type                      Level
   a - Sting                          Conjuration/Poison           1
   b - Ensorcelled Hibernation        Hexes/Ice                    2
   c - Force Lance                    Conjuration/Translocation    4
   d - Iskenderun's Battlesphere      Conjuration/Charms           5
   e - Orb of Destruction             Conjuration                  7
Comestibles
 f - 10 rations


   Skills:
 + Level 5.0 Fighting
 + Level 4.1 Short Blades
 + Level 4.1 Long Blades
 + Level 4.1 Axes
 + Level 4.1 Maces & Flails
 + Level 4.1 Polearms
 + Level 4.1 Staves
 + Level 4.1 Slings
 + Level 4.1 Bows
 + Level 6.2 Crossbows
 + Level 4.1 Throwing
 + Level 4.1 Armour
 + Level 6.2 Dodging
 + Level 4.1 Stealth
 + Level 4.1 Shields
 + Level 4.1 Unarmed Combat
 + Level 5.1 Spellcasting
 + Level 3.4 Conjurations
 + Level 6.5 Hexes
 + Level 3.4 Charms
 + Level 3.4 Summonings
 + Level 3.4 Necromancy
 + Level 3.4 Translocations
 + Level 3.4 Transmutations
 + Level 3.4 Fire Magic
 + Level 3.4 Ice Magic
 + Level 3.4 Air Magic
 + Level 3.4 Earth Magic
 + Level 3.4 Poison Magic
 + Level 4.6 Invocations
 + Level 4.1 Evocations


You had 3 spell levels left.
You knew the following spells:

 Your Spells              Type           Power        Failure   Level  Hunger
a - Corona                Hex            #####..      1%          1    None
b - Slow                  Hex            #####...     1%          2    #......
c - Portal Projectile     Hex/Tloc       #####.       1%          3    ##.....
d - Inner Flame           Hex/Fire       #####...     1%          3    ##.....
e - Blink                 Tloc           N/A          1%          2    #......
f - Cause Fear            Hex            #####.....   1%          4    ####...


Dungeon Overview and Level Annotations

Branches:
Dungeon (7/15)             Temple (1/1) D:4

Altars:
Ashenzari
Cheibriados
Dithmenos
Elyvilon
Fedhas
Gozag
Hepliaklqana
Kikubaaqudgha
Makhleb
Nemelex Xobeh
Qazlal
Sif Muna
Vehumet
Wu Jian
Xom
Yredelemnul
Zin
The Shining One


Innate Abilities, Weirdness & Mutations

Your experience applies equally to all skills.
You have very sharp teeth.
Your uncanny sense of smell can sniff out nearby items.


Message History

Drop what? 32/52 slots (_ for help) (? for menu, Esc to quit)
You drop 2 potions of degeneration.
* * * LOW HITPOINT WARNING * * *
You feel sick. The killer bee stings you.
* * * LOW HITPOINT WARNING * * *
You are more poisoned.
The killer bee poisons you!
The killer bee stings you but does no damage.
Okay, then.
Evoke which item? (* to show all) (? for menu, Esc to quit)
That's the wrong kind of item! (Use * to select it.) Evoke which item? (* to show all) (? for menu, Esc to quit)
Aiming: Iceblast
Press: ? - help, Shift-Dir - straight line, p - killer bee That beam is likely to hit you.
Continue anyway?
The mass of ice explodes!
The iceblast engulfs the killer bee.
You kill the killer bee!
Dithmenos accepts your kill. The iceblast engulfs you! You partially resist.
You die...

### #.....## ####
.#.<.#....## .....#..#†#
#......#.#######
#......#....((.#########
#...#...######(((......$
#...##...## ####..(....
#.....#...##### #.?.....
........@.....)......$...
##)#####.###............[
# #.# ............. #.#
.....?%o..... #
#.##..###.##......
#?##>...# #. #......
#.)%..### #[....(.#
#.#######


There were no monsters in sight!

Vanquished Creatures
  Prince Ribbit (D:5)
  Grinder (D:5)
  A hippogriff (D:7)
  Sigmund (D:2)
  2 ice beasts (D:5)
  A phantom (D:6)
  2 bullfrogs (D:6)
  5 scorpions
  2 killer bees (D:7)
  A howler monkey (D:5)
  A jelly (D:6)
  A crimson imp (D:5)
  A quasit (D:6)
  A hound (D:6)
  Crazy Yiuf (D:2)
  2 orc priests
  A bullfrog skeleton (D:4)
  Ijyb (D:4)
  2 iguanas
  6 orc wizards
  3 worker ants
  A hound zombie (D:5)
  A howler monkey zombie (D:5)
  2 worker ant zombies
  10 adders
  3 gnolls (D:5)
  An ooze (D:6)
  An adder skeleton (D:4)
  6 worms
  3 dart slugs
  3 leopard geckos
  22 orcs
  4 giant cockroaches
  5 goblins
  A hobgoblin (D:2)
  6 jackals
  2 quokkas
  2 ball pythons
  7 bats
  4 frilled lizards
  A jackal zombie (D:5)
  5 kobolds
  A leopard gecko skeleton (D:5)
  4 rats
  2 fungi (D:2)
134 creatures vanquished.

Vanquished Creatures (others)
  2 orc wizards (D:5)
  A ball python (D:1)
3 creatures vanquished.

Grand Total: 137 creatures vanquished

Notes
Turn   | Place    | Note
-------+----------+-------------------------------------------
     0 | D:1      | vatarom the Gnoll Arcane Marksman began the quest for the Orb.
     0 | D:1      | Reached XP level 1. HP: 17/17 MP: 4/4
   184 | D:1      | Reached XP level 2. HP: 23/23 MP: 5/5
   819 | D:2      | Reached XP level 3. HP: 28/28 MP: 7/7
  1084 | D:2      | Reached skill level 1 in Invocations
  1099 | D:2      | Noticed Sigmund
  1114 | D:2      | Killed Sigmund
  1114 | D:2      | Reached skill level 1 in Short Blades
  1114 | D:2      | Reached skill level 1 in Long Blades
  1114 | D:2      | Reached skill level 1 in Axes
  1114 | D:2      | Reached skill level 1 in Maces & Flails
  1114 | D:2      | Reached skill level 1 in Polearms
  1114 | D:2      | Reached skill level 1 in Staves
  1114 | D:2      | Reached skill level 1 in Slings
  1114 | D:2      | Reached skill level 1 in Bows
  1114 | D:2      | Reached skill level 1 in Throwing
  1114 | D:2      | Reached skill level 1 in Armour
  1114 | D:2      | Reached skill level 1 in Stealth
  1114 | D:2      | Reached skill level 1 in Shields
  1114 | D:2      | Reached skill level 1 in Unarmed Combat
  1114 | D:2      | Reached skill level 1 in Conjurations
  1114 | D:2      | Reached skill level 1 in Charms
  1114 | D:2      | Reached skill level 1 in Summonings
  1114 | D:2      | Reached skill level 1 in Necromancy
  1114 | D:2      | Reached skill level 1 in Translocations
  1114 | D:2      | Reached skill level 1 in Transmutations
  1114 | D:2      | Reached skill level 1 in Fire Magic
  1114 | D:2      | Reached skill level 1 in Ice Magic
  1114 | D:2      | Reached skill level 1 in Air Magic
  1114 | D:2      | Reached skill level 1 in Earth Magic
  1114 | D:2      | Reached skill level 1 in Poison Magic
  1114 | D:2      | Reached skill level 1 in Evocations
  1114 | D:2      | Reached XP level 4. HP: 14/35 MP: 6/8
  1114 | D:2      | Reached XP level 5. HP: 17/41 MP: 6/9
  1118 | D:2      | Learned a level 2 spell: Slow
  1122 | D:2      | Learned a level 3 spell: Portal Projectile
  1346 | D:2      | Reached XP level 6. HP: 47/47 MP: 10/10
  1396 | D:2      | Learned a level 3 spell: Inner Flame
  1894 | D:2      | Found a runed door.
  1898 | D:2      | Noticed Crazy Yiuf
  1918 | D:2      | Killed Crazy Yiuf
  2571 | D:4      | Reached skill level 5 in Crossbows
  2571 | D:4      | Reached skill level 5 in Dodging
  2613 | D:4      | Found a staircase to the Ecumenical Temple.
  2634 | Temple   | Entered the Ecumenical Temple
  2849 | Temple   | Became a worshipper of Dithmenos the Shadowed
  3005 | D:4      | Noticed Ijyb
  3021 | D:4      | Killed Ijyb
  3027 | D:4      | Reached XP level 7. HP: 48/52 MP: 0/12
  3734 | D:5      | Entered Level 5 of the Dungeon
  3965 | D:5      | Noticed Prince Ribbit
  3978 | D:5      | Killed Prince Ribbit
  4000 | D:5      | Reached XP level 8. HP: 60/60 MP: 6/14
  4130 | D:5      | Reached * piety under Dithmenos
  4568 | D:5      | Found a shattered altar of Ashenzari.
  4954 | D:5      | Noticed Grinder
  4969 | D:5      | Killed Grinder
  5060 | D:5      | Learned a level 2 spell: Blink
  5311 | D:6      | Reached XP level 9. HP: 58/66 MP: 12/16
  5315 | D:6      | Reached ** piety under Dithmenos
  5468 | D:6      | Identified the Guide on the Destructive Oath
  5485 | D:6      | Learned a level 4 spell: Cause Fear
  5799 | D:6      | Found a basalt altar of Yredelemnul.
  6031 | D:7      | Reached skill level 5 in Spellcasting
  6270 | D:7      | Reached skill level 5 in Fighting
  6353 | D:7      | HP: 3/68 [killer bee (2)]
  6354 | D:7      | Killed themself with a badly aimed iceblast

Skill      XL: |  1  2  3  4  5  6  7  8  9 |
---------------+----------------------------+-----
Invocations    | 1 2 3 4 |  4.6
Fighting       | 3 4 5 |  5.0
Short Blades   | 1 2 3 4 |  4.1
Long Blades    | 1 2 3 4 |  4.1
Axes           | 1 2 3 4 |  4.1
Maces & Flails | 1 2 3 4 |  4.1
Polearms       | 1 2 3 4 |  4.1
Staves         | 1 2 3 4 |  4.1
Slings         | 1 2 3 4 |  4.1
Bows           | 1 2 3 4 |  4.1
Throwing       | 1 2 3 4 |  4.1
Armour         | 1 2 3 4 |  4.1
Stealth        | 1 2 3 4 |  4.1
Shields        | 1 2 3 4 |  4.1
Unarmed Combat | 1 2 3 4 |  4.1
Spellcasting   | 3 4 5 |  5.1
Conjurations   | 1 2 3 |  3.4
Charms         | 1 2 3 |  3.4
Summonings     | 1 2 3 |  3.4
Necromancy     | 1 2 3 |  3.4
Translocations | 1 2 3 |  3.4
Transmutations | 1 2 3 |  3.4
Fire Magic     | 1 2 3 |  3.4
Ice Magic      | 1 2 3 |  3.4
Air Magic      | 1 2 3 |  3.4
Earth Magic    | 1 2 3 |  3.4
Poison Magic   | 1 2 3 |  3.4
Evocations     | 1 2 3 4 |  4.1
Crossbows      | 5 6 |  6.2
Dodging        | 5 6 |  6.2
Hexes          | 6 |  6.5

Action                   |  1- 3 |  4- 6 |  7- 9 || total
-------------------------+-------+-------+-------++-------
Melee: Scythe            |       |    24 |   277 ||   301
       Bite              |       |     3 |    24 ||    27
 Fire: Hand crossbow     |    76 |   109 |   170 ||   355
Throw: Javelin           |       |       |    26 ||    26
 Cast: Corona            |     2 |       |       ||     2
       Portal Projectile |       |     5 |    14 ||    19
       Slow              |       |     1 |     8 ||     9
       Inner Flame       |       |     1 |       ||     1
       Cause Fear        |       |       |     1 ||     1
Evoke: Wand              |       |       |     1 ||     1
  Use: Potion            |     1 |       |    10 ||    11
       Scroll            |       |     4 |     1 ||     5
 Stab: Distracted        |       |       |     2 ||     2
       Sleeping          |       |       |     1 ||     1
  Eat: Chunk             |       |     1 |     7 ||     8
       Ration            |       |     2 |     2 ||     4
Armor: Robe              |     5 |       |       ||     5
       Ring mail         |       |    19 |   225 ||   244
       Skin              |       |       |   107 ||   107
Dodge: Dodged            |    20 |    31 |   425 ||   476
